 Dungeon Crawl Stone Soup version 0.31-a0-331-geda263fcf1 (webtiles) character file.

Game seed: 7612904277534300963

206 Shard1697 the Ruffian (level 5, -1/38 (41) HPs)
             Began as a Draconian Shapeshifter on July 20, 2023.
             Slain by a kobold brigand
             ... wielding a +2 dagger of speed
              (5 damage)
             ... on level 3 of the Dungeon.
             The game lasted 00:03:25 (2757 turns).

Shard1697 the Ruffian (Draconian Shapeshifter)      Turns: 2757, Time: 00:03:25

HP:   -1/38 (41)    AC:  5    Str: 18    XL:     5   Next: 53%
MP:   5/5           EV: 12    Int:  8    God:
Gold: 45            SH:  0    Dex: 13    Spells: 4/4 levels left

rFire   . .          .
                       - Unarmed
rCold   . . .        (no shield)
rNeg    . . .        (body armour unavailable)
rPois   .            (helmet currently unavailable)
rElec   .            (cloak currently unavailable)
rCorr   .            (gloves currently unavailable)
SInv    .            (boots currently unavailable)
Will    .....        (no amulet)
Stlth   +            (no ring)
HPRegen 0.26/turn    (no ring)
MPRegen 0.09/turn

%: no passive effects
@: beast-form, drained
A: beast (slay +2), AC +5, unfitting armour, cold-blooded
a: Begin Untransformation


You were on level 3 of the Dungeon.
You were a hulking beast.
You visited 1 branch of the dungeon, and saw 3 of its levels.

You collected 45 gold pieces.

Inventory:

Armour
 k - a +2 cloak
Talismans
 b - a beast talisman
Wands
 j - a wand of acid (6)
Scrolls
 f - a scroll of fear
 g - a scroll of teleportation
 h - a scroll of acquirement {unknown}
 i - a scroll of blinking {unknown}
Potions
 c - 2 potions of heal wounds {unknown}
 d - 2 potions of curing {unknown}
 e - a potion of brilliance


   Skills:
 - Level 2.1 Fighting
 - Level 1.7 Dodging
 + Level 5.9 Unarmed Combat
 - Level 3.0 Shapeshifting


You had 4 spell levels left.
You didn't know any spells.
Your spell library contained the following spells:

 Spells                   Type           Power      Damage    Failure   Level
 Ozocubu's Armour         Ice            0%         N/A       78%         3
 Metabolic Englaciation   Hex/Ice        0%         N/A       100%        5
 Simulacrum               Ice/Necr       0%         N/A       100%        6


Dungeon Overview and Level Annotations

Branches:
Dungeon (3/15)

Altars:

Shops:
D:2 (*(


Innate Abilities, Weirdness & Mutations

You are a hulking beast.
Your limbs bulge with bestial killing power. (Slay +2)
Your plain brown scales are hard. (AC +5)
You cannot fit into any form of body armour.
You are cold-blooded and may be slowed by cold attacks.


Message History

You are too injured to fight recklessly!
You are too injured to fight recklessly!
You are too injured to fight recklessly!
You are too injured to fight recklessly!
You hit the kobold but do no damage. The kobold hits you but does no damage.
You hit the kobold.
Your tail-slap misses the kobold.
You punch the kobold, but do no damage.
The kobold is heavily wounded.
The kobold hits you with a +0 spear.
You punch the kobold!
You kill the kobold!
Things that are here:
a +0 spear; 10 gold pieces; a kobold corpse You hit the kobold brigand.
You tail-slap the kobold brigand.
The kobold brigand is lightly wounded.
The kobold brigand hits you with a +2 dagger of speed.
You hit the kobold brigand but do no damage.
The kobold brigand is lightly wounded.
The kobold brigand hits you with a +2 dagger of speed!
You punch the kobold brigand!
Your tail-slap misses the kobold brigand.
The kobold brigand is heavily wounded.
The kobold brigand closely misses you.
Press: ? - help, v - describe, . - travel
Here: a kobold brigand, wielding a +2 dagger of speed and quivering curare-tipped darts (heavily wounded)
The floor, spattered with blood.
You miss the kobold brigand.
The kobold brigand is heavily wounded.
The kobold brigand closely misses you.
The kobold brigand hits you with a +2 dagger of speed.
* * * LOW HITPOINT WARNING * * *
You hit the kobold brigand.
The kobold brigand is severely wounded.
The kobold brigand hits you with a +2 dagger of speed.
* * * LOW HITPOINT WARNING * * *
You hit the kobold brigand. You tail-slap the kobold brigand.
The kobold brigand is almost dead.
The kobold brigand barely misses you.
The kobold brigand hits you with a +2 dagger of speed.
You die...

..).......#
#~~.....#.#######
...)......#
#..#~##.####.#
..........# ##..#~
#.# #.#
........####~#..##
#.# #.# ........#
#~##..# #.. #.#
........#
#~~#..##### #.#
#..####.####~~##..#
#.# ...#
#...#~~~~#K.# #.#
~..# ###..~~~≈#h.#
#.# ~..#
##.~~~≈#).#
#.####### ..##
#.#~≈##).#
#........ ..#
#.#~~#..##
######### ..#
#.##)#..# ###
#...)#..##
####)))..# ##.##.#
#....#


You could see a kobold brigand.

Vanquished Creatures
  A kobold brigand (D:3)
  An orc wizard (D:3)
  An adder (D:2)
  A white imp (D:3)
  5 worms
  4 dart slugs
  4 orcs (D:3)
  4 ball pythons
  2 bats (D:2)
  2 endoplasms
  5 giant cockroaches
  8 goblins
  5 hobgoblins
  3 quokkas
  6 frilled lizards
  12 kobolds
  5 rats
69 creatures vanquished.

Notes
Turn   | Place    | Note
-------+----------+-------------------------------------------
     0 | D:1      | Shard1697 the Draconian Shapeshifter began the quest for
                  | the Orb.
     0 | D:1      | Reached XP level 1. HP: 17/17 MP: 1/1
   166 | D:1      | Reached XP level 2. HP: 24/24 MP: 2/2
   397 | D:1      | Reached skill level 3 in Unarmed Combat
   979 | D:2      | Found Cadghe Uvuki's Antique Weapon Shop.
   985 | D:2      | Reached XP level 3. HP: 29/29 MP: 3/3
  1038 | D:2      | Found Voibotaf's General Store.
  1065 | D:2      | Found Yleicy's Weapon Emporium.
  1200 | D:2      | Reached skill level 4 in Unarmed Combat
  1866 | D:3      | Reached XP level 4. HP: 31/36 MP: 4/4
  2041 | D:3      | Reached skill level 5 in Unarmed Combat
  2375 | D:3      | Noticed a kobold brigand
  2375 | D:3      | Noticed a kobold brigand
  2677 | D:3      | Killed a kobold brigand
  2678 | D:3      | Reached XP level 5. HP: 16/38 MP: 5/5
  2757 | D:3      | Slain by a kobold brigand

Illustrated notes

Levels and vault maps discovered:
D:1:      minmay_arrival_pointy, layout_loops_corners, minmay_crystal_water
D:2:      layout_basic, serial_shops, shop, nicolae_shop_hallway_stairs,
          shop_statue
D:3:      cheibrodos_thug_alley, layout_basic, dk_vineyard_3

Skill      XL: |  1  2  3  4 |
---------------+-------------+-----
Unarmed Combat | 3 4 5 |  5.9
Fighting       | |  2.1
Dodging        | |  1.7
Shapeshifting  | |  3.0

Action                     |  1- 3 |  4- 6 || total
---------------------------+-------+-------++-------
  Melee: Unarmed           |   104 |    82 ||   186
         Punch             |     2 |     4 ||     6
         Tailslap          |     8 |    13 ||    21
    Use: Scroll            |     4 |     1 ||     5
         Potion            |       |     1 ||     1
   Stab: Sleeping          |     2 |       ||     2
         Distracted        |       |     1 ||     1
 Armour: Skin              |    30 |    22 ||    52
  Dodge: Dodged            |    51 |    24 ||    75

Table legend: (Time is in decaauts)
 A = Elapsed time spent in this place.
 B = Non-inter-level travel time spent in this place.
 C = Inter-level travel time spent in this place.
 D = Time resting spent in this place.
 E = Time spent auto-exploring this place.
 F = Levels seen in this place.
 G = Mean time per level.
                   A        B        C        D        E       F      G
               +--------+--------+--------+--------+--------+-----+--------+
         Total |   2753 |   2671 |     82 |     57 |   2179 |   3 |  917.7 |
       Dungeon |   2753 |   2671 |     82 |     57 |   2179 |   3 |  917.7 |
               +--------+--------+--------+--------+--------+-----+--------+

Top non-repeatable levels by time:
     D:1: 959 daAuts
     D:3: 919 daAuts
     D:2: 875 daAuts
